AoeStats
← AiM | CanvaL

Four Lakes

509916888Analyzed
1v1 RM · 3d ago on Sep 28, 2026· 29m 26s· 2 players
Game mode
Random Map
Map size
Tiny (2 player)
Population
200
Speed
Normal
Resources
Standard
Victory
Conquest
Starting age
Dark Age
Ending age
Imperial Age
RankedLock teamsTeams togetherTeam positionsShared explorationLock speedFull tech treeHidden civsTurbo modeCheats
Victory
Defeat
🇨🇱 Italians · Chile
1455
+17
🇨🇦 Japanese · Canada
1479
-17
AiM | CanvaL
6:22 Loom
6:55 Loom
9:27 Feudal Age
10:15 Double-Bit Axe
14:43 Town Watch
17:42 Bloodlines
19:48 Castle Age
19:35 Fletching
19:45 Padded Archer Armor
20:09 Horse Collar
20:25 Crossbowman
28:35 Thumb Ring
29:39 Stone Mining
29:39 Gold Mining
sgbronso
4:26 Loom
10:31 Feudal Age
11:47 Double-Bit Axe
13:50 Horse Collar
14:28 Padded Archer Armor
16:39 Castle Age
17:30 Medium Warships
23:27 Elite Skirmisher
23:34 Elite Skirmisher
27:26 Redemption
28:26 Sanctity
Connection lost

Rejoining the realm…

Still unreachable

The connection could not be restored.

Session expired

The server has moved on; the page needs a fresh start.